IL
NORFOLK TIDES @ DURHAM BULLS
09/18/2047
 
TOP OF THE 1ST
Norfolk Tides batting - Pitching for Durham Bulls : RHP Eric Smith
Pitching: RHP Eric Smith
Batting: RHB Bobby Melillo 0-0: Foul Ball, location: 2F
0-1: DOUBLE (Groundball, 5L, EV 104.4 MPH)
Batting: LHB Pat Shaddock 0-0: TRIPLE (Line Drive, 89XD, EV 100.6 MPH)
Bobby Melillo scores
Batting: LHB Bob Melley 0-0: Ball
1-0: Called Strike
1-1: Foul Ball, location: 2F
1-2: Ball
2-2: Fly out, F8 (Flyball, 78S, EV 86.2 MPH)
Batting: RHB Travis Leonard 0-0: Called Strike
0-1: Ball
1-1: Ball
2-1: Called Strike
2-2: Strikes out swinging
Batting: RHB Mario Saez 0-0: Ground out 6-3 (Groundball, 6, EV 80.6 MPH)
Top of the 1st over - 1 run, 2 hits, 0 errors, 1 left on base; Norfolk 1 - Durham 0
BOTTOM OF THE 1ST
Durham Bulls batting - Pitching for Norfolk Tides : RHP Wayne Lammers
Pitching: RHP Wayne Lammers
Batting: RHB Jonathan Fraire 0-0: Ball
1-0: Ball
2-0: Ground out 5-3 (Groundball, 56, EV 84.4 MPH)
Batting: LHB Mark Marvin 0-0: Ball
1-0: Foul Ball, location: 2F
1-1: Foul Ball, location: 2F
1-2: Fly out, F7 (Flyball, 7D, EV 103.1 MPH)
Batting: RHB Jeff Brower 0-0: Called Strike
0-1: Ball
1-1: Ball
2-1: Ball
3-1: Base on Balls
Batting: RHB David Ward 0-0: Called Strike
0-1: Ball
1-1: Swinging Strike
1-2: Foul Ball, location: 2F
1-2: Foul Ball, location: 2F
1-2: Ball
2-2: Ball
3-2: Base on Balls
Jeff Brower to second
Batting: LHB Jake Rheaume 0-0: Fielders Choice at 2nd, 5-4 (Groundball, 5, EV 81.9 MPH)
Bottom of the 1st over - 0 runs, 0 hits, 0 errors, 2 left on base; Norfolk 1 - Durham 0
TOP OF THE 2ND
Norfolk Tides batting - Pitching for Durham Bulls : RHP Eric Smith
Batting: RHB Andy Chess 0-0: Foul Ball, location: 2F
0-1: SOLO HOME RUN (Flyball, 7LD, EV 94.4 MPH), Distance : 340 ft
Batting: LHB Andrew Erens 0-0: Called Strike
0-1: Ball
1-1: Foul Ball, location: 2F
1-2: Strikes out looking
Batting: LHB Tyler Allen 0-0: SINGLE (Groundball, 25, EV 65.6 MPH) (infield hit)
Batting: RHB Adam Swimmer 0-0: Ball
1-0: Ball
2-0: Ball
3-0: Called Strike
3-1: Foul Ball, location: 2F
3-2: SINGLE (Groundball, 6D, EV 106.9 MPH)
Tyler Allen to second
Runner from 2nd tries for 3rd, SAFE after rundown.
Batting: RHB Bobby Melillo 0-0: Ball
1-0: Ball
2-0: Ball
3-0: Called Strike
3-1: Fly out, F7 (Line Drive, 7S, EV 96.2 MPH)
Batting: LHB Pat Shaddock 0-0: Foul Ball, location: 2F
0-1: Fielders Choice at 2nd, 6-4 (Groundball, 6, EV 86.2 MPH)
Top of the 2nd over - 1 run, 3 hits, 0 errors, 2 left on base; Norfolk 2 - Durham 0
BOTTOM OF THE 2ND
Durham Bulls batting - Pitching for Norfolk Tides : RHP Wayne Lammers
Batting: RHB Kevin Benfield 0-0: Foul Ball, location: 2F
0-1: Swinging Strike
0-2: Ball
1-2: Ground out 5-3 (Groundball, 5, EV 103.1 MPH)
Batting: LHB Mario Ocana 0-0: Ball
1-0: Ball
2-0: Called Strike
2-1: Ball
3-1: Called Strike
3-2: Foul Ball, location: 2F
3-2: Foul Ball, location: 2F
3-2: Foul Ball, location: 2F
3-2: Ground out 5-3 (Groundball, 56, EV 101.2 MPH)
Batting: SHB Jose Vargas 0-0: Ball
1-0: Ball
2-0: Ground out 4-3 (Groundball, 4, EV 85.0 MPH)
Bottom of the 2nd over - 0 runs, 0 hits, 0 errors, 0 left on base; Norfolk 2 - Durham 0
TOP OF THE 3RD
Norfolk Tides batting - Pitching for Durham Bulls : RHP Eric Smith
Batting: LHB Bob Melley 0-0: Called Strike
0-1: Ball
1-1: Swinging Strike
1-2: Ball
2-2: Ball
3-2: Foul Ball, location: 2F
3-2: Base on Balls
Batting: RHB Travis Leonard 0-0: Called Strike
0-1: Ball
1-1: Fielders Choice at 2nd, 5-4 (Groundball, 5L, EV 91.2 MPH)
Batting: RHB Mario Saez 0-0: Ball
1-0: Ball
2-0: Swinging Strike
2-1: Ball
3-1: Base on Balls
Travis Leonard to second
Batting: RHB Andy Chess 0-0: Called Strike
0-1: Swinging Strike
0-2: Strikes out swinging
Batting: LHB Andrew Erens 0-0: Called Strike
0-1: Ball
1-1: Foul Ball, location: 2F
1-2: 3-RUN HOME RUN (Flyball, 9D, EV 93.1 MPH), Distance : 360 ft
Pitching: RHP Greg Spaulding
Batting: LHB Tyler Allen 0-0: Ball
1-0: Ball
2-0: Called Strike
2-1: Ball
3-1: Base on Balls
Batting: RHB Adam Swimmer 0-0: Called Strike
Tyler Allen steals 2nd base
0-1: Ball
1-1: Called Strike
Tyler Allen is caught stealing 3rd base 2-5
Top of the 3rd over - 3 runs, 1 hit, 0 errors, 0 left on base; Norfolk 5 - Durham 0
BOTTOM OF THE 3RD
Durham Bulls batting - Pitching for Norfolk Tides : RHP Wayne Lammers
Batting: LHB Angel Ruvalcaba 0-0: Fly out, F7 (Line Drive, 7D, EV 89.4 MPH)
Batting: RHB Jonathan Fraire 0-0: Ball
1-0: Called Strike
1-1: SOLO HOME RUN (Flyball, 7D, EV 95.6 MPH), Distance : 360 ft
Batting: LHB Mark Marvin 0-0: Ball
1-0: Ground out U3 (Groundball, 3, EV 83.8 MPH)
Batting: RHB Jeff Brower 0-0: Fly out, F8 (Flyball, 8RS, EV 84.4 MPH)
Bottom of the 3rd over - 1 run, 1 hit, 0 errors, 0 left on base; Norfolk 5 - Durham 1
TOP OF THE 4TH
Norfolk Tides batting - Pitching for Durham Bulls : RHP Greg Spaulding
Batting: RHB Adam Swimmer 0-0: Called Strike
0-1: Foul Ball, location: 2F
0-2: Foul Ball, location: 2F
0-2: Ball
1-2: Fly out, F8 (Flyball, 8LM, EV 85.0 MPH)
Batting: RHB Bobby Melillo 0-0: Called Strike
0-1: Ball
1-1: Called Strike
1-2: Strikes out swinging
Batting: LHB Pat Shaddock 0-0: Swinging Strike
0-1: SINGLE (Groundball, 34, EV 103.1 MPH)
Batting: LHB Bob Melley 0-0: Ball
Pat Shaddock steals 2nd base
1-0: Ball
2-0: Ground out 5-3 (Groundball, 56S, EV 73.1 MPH)
Top of the 4th over - 0 runs, 1 hit, 0 errors, 1 left on base; Norfolk 5 - Durham 1
BOTTOM OF THE 4TH
Durham Bulls batting - Pitching for Norfolk Tides : RHP Wayne Lammers
Batting: RHB David Ward 0-0: Called Strike
0-1: Swinging Strike
0-2: Strikes out swinging
Batting: LHB Jake Rheaume 0-0: Fly out, F4 (Popup, 13, EV 78.1 MPH)
Batting: RHB Kevin Benfield 0-0: Ball
1-0: Called Strike
1-1: DOUBLE (Line Drive, 89M, EV 93.1 MPH)
Pinch Runner at 2nd Dermott Kennelly:
Batting: LHB Mario Ocana 0-0: Ball
1-0: Ball
2-0: DOUBLE (Line Drive, 7LM, EV 112.5 MPH)
Dermott Kennelly scores
Batting: SHB Jose Vargas 0-0: Ball
1-0: Ball
2-0: Called Strike
2-1: Foul Ball, location: 2F
2-2: Foul Ball, location: 2F
2-2: Foul Ball, location: 2F
2-2: Foul Ball, location: 2F
2-2: Strikes out swinging
Bottom of the 4th over - 1 run, 2 hits, 0 errors, 1 left on base; Norfolk 5 - Durham 2
TOP OF THE 5TH
Norfolk Tides batting - Pitching for Durham Bulls : RHP Greg Spaulding
Now at C: Dermott Kennelly
Batting: RHB Travis Leonard 0-0: Called Strike
0-1: Fly out, F8 (Flyball, 8LD, EV 81.2 MPH)
Batting: RHB Mario Saez 0-0: Called Strike
0-1: Ball
1-1: Foul Ball, location: 2F
1-2: Ball
2-2: SINGLE (Line Drive, 7S, EV 107.5 MPH)
Batting: RHB Andy Chess 0-0: Ball
1-0: Ball
2-0: Ball
3-0: Called Strike
3-1: Base on Balls
Mario Saez to second
Batting: LHB Andrew Erens 0-0: Called Strike
0-1: Swinging Strike
0-2: Foul Ball, location: 2F
0-2: Ball
1-2: Ball
2-2: Ball
3-2: Foul Ball, location: 2F
3-2: Base on Balls
Mario Saez to third
Andy Chess to second
Batting: LHB Tyler Allen 0-0: SINGLE (Groundball, 4M, EV 95.0 MPH)
Mario Saez scores
Andy Chess to third
Andrew Erens to second
Batting: RHB Adam Swimmer 0-0: Ball
1-0: Fly out, F5 (Flyball, 5D, EV 94.4 MPH)
Batting: RHB Bobby Melillo 0-0: Foul Ball, location: 2F
0-1: Ball
1-1: Ball
2-1: Fielders Choice at 2nd, 5-4 (Groundball, 56, EV 78.1 MPH)
Top of the 5th over - 1 run, 2 hits, 0 errors, 3 left on base; Norfolk 6 - Durham 2
BOTTOM OF THE 5TH
Durham Bulls batting - Pitching for Norfolk Tides : RHP Wayne Lammers
Batting: LHB Angel Ruvalcaba 0-0: Foul Ball, location: 2F
0-1: Ball
1-1: Called Strike
1-2: Ball
2-2: Hit by Pitch
Batting: RHB Jonathan Fraire 0-0: Fielders Choice at 2nd, 5-4 (Groundball, 5, EV 80.6 MPH)
Batting: LHB Mark Marvin 0-0: Called Strike
0-1: Ball
1-1: Ball
2-1: SINGLE (Groundball, 4MD, EV 105.6 MPH)
Jonathan Fraire to second
Runner from 2nd tries for 3rd, SAFE, throw by CF made to third
Mark Marvin to second
Batting: RHB Jeff Brower 0-0: Called Strike
0-1: Foul Ball, location: 2F
0-2: Ball
1-2: Ground out 3-1 (Groundball, 34S, EV 81.9 MPH)
Jonathan Fraire scores
Mark Marvin to third
Batting: RHB David Ward 0-0: Ground out 6-3 (Groundball, 6, EV 78.8 MPH)
Bottom of the 5th over - 1 run, 1 hit, 0 errors, 1 left on base; Norfolk 6 - Durham 3
TOP OF THE 6TH
Norfolk Tides batting - Pitching for Durham Bulls : RHP Greg Spaulding
Batting: LHB Pat Shaddock 0-0: Ball
1-0: Hit by Pitch
Batting: LHB Bob Melley 0-0: Ball
1-0: Called Strike
Pat Shaddock steals 2nd base
1-1: Called Strike
1-2: Ground out 5-3 (Groundball, 5, EV 86.9 MPH)
Pitching: RHP Eric Hudson
Batting: RHB Travis Leonard 0-0: Fly out, F8 (Flyball, 8LD, EV 93.8 MPH)
Batting: RHB Mario Saez 0-0: Ball
1-0: Called Strike
1-1: Foul Ball, location: 2F
1-2: Strikes out swinging
Top of the 6th over - 0 runs, 0 hits, 0 errors, 1 left on base; Norfolk 6 - Durham 3
BOTTOM OF THE 6TH
Durham Bulls batting - Pitching for Norfolk Tides : RHP Wayne Lammers
Batting: LHB Jake Rheaume 0-0: Foul Ball, location: 2F
0-1: Foul Ball, location: 2F
0-2: Ball
1-2: Ball
2-2: Ball
3-2: Foul Ball, location: 2F
3-2: Foul Ball, location: 2F
3-2: Foul Ball, location: 2F
3-2: Foul Ball, location: 2F
3-2: Foul Ball, location: 2F
3-2: Base on Balls
Batting: RHB Dermott Kennelly 0-0: Called Strike
0-1: Swinging Strike
0-2: Ball
1-2: Fly out, F6 (Line Drive, 6, EV 70.0 MPH)
Batting: LHB Mario Ocana 0-0: Swinging Strike
0-1: Foul Ball, location: 2F
0-2: Ball
1-2: Foul Ball, location: 2F
1-2: Ball
2-2: Foul Ball, location: 2F
2-2: Ball
3-2: Foul Ball, location: 2F
3-2: Fly out, F8 (Line Drive, 8LM, EV 92.5 MPH)
Pitching: RHP John Stepanian
Batting: SHB Jose Vargas 0-0: Hit by Pitch
Jake Rheaume to second
Batting: LHB Angel Ruvalcaba 0-0: Foul Ball, location: 2F
0-1: Ball
1-1: Swinging Strike
1-2: Ball
2-2: Ball
3-2: DOUBLE (Groundball, 5L, EV 103.1 MPH)
Jake Rheaume scores
Jose Vargas to third
Jose Vargas scores
Batting: RHB Jonathan Fraire 0-0: Called Strike
0-1: Ball
1-1: SINGLE (Groundball, 5S, EV 69.4 MPH) (infield hit)
Angel Ruvalcaba to third
Batting: LHB Mark Marvin 0-0: Ball
1-0: Ball
2-0: Foul Ball, location: 2F
2-1: Ball
3-1: Base on Balls
Jonathan Fraire to second
Batting: RHB Jeff Brower 0-0: Ball
1-0: Foul Ball, location: 2F
1-1: Ball
2-1: Called Strike
2-2: SINGLE (Groundball, 6MD, EV 106.2 MPH)
Angel Ruvalcaba scores
Jonathan Fraire to third
Mark Marvin to second
Runner from 3rd tries for Home, SAFE, throw by CF to home
Pitching: LHP Juan Becerra
Batting: RHB David Ward 0-0: Ball
1-0: Swinging Strike
1-1: Ball
2-1: Foul Ball, location: 2F
2-2: Strikes out swinging
Bottom of the 6th over - 4 runs, 3 hits, 0 errors, 2 left on base; Norfolk 6 - Durham 7
TOP OF THE 7TH
Norfolk Tides batting - Pitching for Durham Bulls : RHP Eric Hudson
Batting: RHB Andy Chess 0-0: Foul Ball, location: 2F
0-1: Foul Ball, location: 2F
0-2: Ground out 5-3 (Groundball, 56S, EV 80.0 MPH)
Batting: LHB Andrew Erens 0-0: Ball
1-0: Foul Ball, location: 2F
1-1: Swinging Strike
1-2: Ball
2-2: Foul Ball, location: 2F
2-2: Foul Ball, location: 2F
2-2: DOUBLE (Line Drive, 8LXD, EV 103.1 MPH)
Batting: LHB Tyler Allen 0-0: Ball
1-0: Foul Ball, location: 2F
1-1: Ball
2-1: Called Strike
2-2: Ground out 6-3 (Groundball, 6, EV 79.4 MPH)
Andrew Erens to third
Batting: RHB Adam Swimmer 0-0: Foul Ball, location: 2F
0-1: Ball
1-1: Swinging Strike
1-2: Foul Ball, location: 2F
1-2: Ball
2-2: Strikes out swinging
Top of the 7th over - 0 runs, 1 hit, 0 errors, 1 left on base; Norfolk 6 - Durham 7
BOTTOM OF THE 7TH
Durham Bulls batting - Pitching for Norfolk Tides : LHP Juan Becerra
Batting: LHB Jake Rheaume 0-0: Ball
1-0: Foul Ball, location: 2F
1-1: Ball
2-1: Swinging Strike
2-2: Strikes out swinging
Batting: RHB Dermott Kennelly 0-0: Ball
1-0: Ball
2-0: Ball
3-0: Called Strike
3-1: Foul Ball, location: 2F
3-2: Foul Ball, location: 2F
3-2: Base on Balls
Batting: LHB Mario Ocana 0-0: Called Strike
0-1: Ball
1-1: Ball
2-1: Ball
3-1: Fielders Choice at 2nd, 4-6 (Groundball, 34, EV 106.9 MPH)
Batting: SHB Jose Vargas 0-0: Ball
1-0: Ball
2-0: Called Strike
2-1: Foul Ball, location: 2F
2-2: Strikes out swinging
Bottom of the 7th over - 0 runs, 0 hits, 0 errors, 1 left on base; Norfolk 6 - Durham 7
TOP OF THE 8TH
Norfolk Tides batting - Pitching for Durham Bulls : RHP Eric Hudson
Pitching: RHP Al Speer
Batting: RHB Bobby Melillo 0-0: Ball
1-0: Ball
2-0: Swinging Strike
2-1: Called Strike
2-2: Ground out 6-3 (Groundball, 56S, EV 91.9 MPH)
Batting: LHB Pat Shaddock 0-0: Ball
1-0: Called Strike
1-1: Ball
2-1: Foul Ball, location: 2F
2-2: Strikes out looking
Batting: LHB Bob Melley 0-0: Ball
1-0: Called Strike
1-1: Called Strike
1-2: Foul Ball, location: 2F
1-2: Foul Ball, location: 2F
1-2: Strikes out swinging
Top of the 8th over - 0 runs, 0 hits, 0 errors, 0 left on base; Norfolk 6 - Durham 7
BOTTOM OF THE 8TH
Durham Bulls batting - Pitching for Norfolk Tides : LHP Juan Becerra
Batting: LHB Angel Ruvalcaba 0-0: Ball
1-0: Called Strike
1-1: Foul Ball, location: 2F
1-2: SOLO HOME RUN (Line Drive, 9D, EV 98.1 MPH), Distance : 368 ft
Batting: RHB Jonathan Fraire 0-0: Swinging Strike
0-1: Swinging Strike
0-2: Strikes out looking
Batting: LHB Mark Marvin 0-0: Foul Ball, location: 2F
0-1: Ball
1-1: Ground out 4-3 (Groundball, 4, EV 97.5 MPH)
Batting: RHB Jeff Brower 0-0: Fly out, F4 (Line Drive, 4, EV 75.6 MPH)
Bottom of the 8th over - 1 run, 1 hit, 0 errors, 0 left on base; Norfolk 6 - Durham 8
TOP OF THE 9TH
Norfolk Tides batting - Pitching for Durham Bulls : RHP Al Speer
Pitching: RHP Nate Russano
Batting: RHB Travis Leonard 0-0: Ball
1-0: Called Strike
1-1: Foul Ball, location: 2F
1-2: Strikes out swinging
Batting: LHB Wes Goscinski 0-0: Ball
1-0: Foul Ball, location: 2F
1-1: Foul Ball, location: 2F
1-2: Ball
2-2: Ball
3-2: Fly out, F4 (Popup, 4, EV 73.1 MPH)
Batting: RHB Andy Chess 0-0: Swinging Strike
0-1: Ball
1-1: Swinging Strike
1-2: Ball
2-2: Foul Ball, location: 2F
2-2: SOLO HOME RUN (Flyball, 7LD, EV 93.8 MPH), Distance : 356 ft
Batting: LHB Andrew Erens 0-0: SINGLE (Flyball, 78S, EV 91.2 MPH)
Batting: LHB Tyler Allen 0-0: Ball
1-0: Fielders Choice at 2nd, 6-4 (Groundball, 6, EV 90.6 MPH)
Top of the 9th over - 1 run, 2 hits, 0 errors, 1 left on base; Norfolk 7 - Durham 8
Thursday, December 15th , 2022 - OOTP Baseball 23.9 Build 102